 Dungeon Crawl Stone Soup version 0.29.1-1-gd02db6906a (webtiles) character file.

Game seed: 12063714681799584615

177 RascalDebosk the Magician (level 5, -2/38 HPs)
             Began as a Djinni Conjurer on Oct 21, 2022.
             Slain by a killer bee (6 damage)
             ... on level 4 of the Dungeon.
             The game lasted 00:21:41 (4343 turns).

RascalDebosk the Magician (Djinni Conjurer)         Turns: 4343, Time: 00:21:41

Health: -2/38      AC:  2    Str:  6    XL:     5   Next: 88%
Gold:   183        EV: 12    Int: 25    God:
                   SH:  4    Dex: 15

rFire   + + .      SeeInvis .   o - +8 short sword of Etseffysh {flame, Int+4 Dex+3}
rCold   x . .      Faith    .   c - +0 buckler
rNeg    . . .      Spirit   .   a - +0 robe
rPois   ∞          Reflect  .   (no helmet)
rElec   .          Harm     .   (no cloak)
rCorr   .          Rampage  .   (no gloves)
Will    .....                   (boots unavailable)
Stlth   ++........              (no amulet)
HPRegen 0.12/turn               (no ring)
MPRegen 0.00/turn               (no ring)

@: flying
A: sickness immunity, fire resistance 2, cold vulnerability 1, float, innate
caster, HP casting, extra vitality 1
a: no special abilities


You were on level 4 of the Dungeon.
You visited 1 branch of the dungeon, and saw 4 of its levels.

You collected 183 gold pieces.

Inventory:

Hand Weapons
 m - a +3 vampiric whip
 o - the +8 short sword of Etseffysh (weapon) {flame, Int+4 Dex+3}
   (You found it on level 2 of the Dungeon)

   It burns those it strikes, dealing additional fire damage.
   Int:       It affects your intelligence (+4).
   Dex:       It affects your dexterity (+3).
 s - a +0 dagger
Armour
 a - a +0 robe (worn)
 c - a +0 buckler (worn)
Scrolls
 h - a scroll of enchant weapon {unknown}
 k - a scroll of identify {unknown}
 l - 2 scrolls of enchant armour {unknown}
 q - 2 scrolls of magic mapping {unknown}
 r - a scroll of silence {unknown}
 t - a scroll of teleportation
Potions
 b - 2 potions of degeneration {unknown}
 d - 3 potions of brilliance {unknown}
 e - a potion of invisibility {unknown}
 f - a potion of ambrosia {unknown}
 g - 2 potions of heal wounds {unknown}
 i - a potion of might {unknown}
 j - a potion of berserk rage {unknown}
 n - a potion of cancellation {unknown}
 p - a potion of curing {unknown}
 u - a potion of magic {unknown}


   Skills:
 + Level 2.2 Fighting
 - Level 2.1 Dodging
 - Level 1.5 Stealth
 + Level 2.2 Shields
 * Level 4.3 Spellcasting


You couldn't memorise any spells.
You knew the following spells:

 Your Spells              Type           Power      Damage    Failure   Level
a - Magic Dart            Conj           100%       1d8       1%          1
b - Searing Ray           Conj           54%        2d6       3%          2
c - Dazzling Flash        Conj/Hex       54%        N/A       6%          3
d - Fulminant Prism       Conj/Hex       13%        3d9       19%         4
e - Iskenderun's Mystic   Conj/Tloc      27%        2d7       19%         4
f - Freeze                Ice            100%       1d11      1%          1
g - Passwall              Tmut/Erth      22%        N/A       3%          2
Your spell library was empty.

Dungeon Overview and Level Annotations

Branches:
Dungeon (4/15)
 Temple: D:4-7

Altars:
Dithmenos


Innate Abilities, Weirdness & Mutations

You are immune to sickness and miasma.
You are immune to poison.
Your flesh is very heat resistant. (rF++)
You are vulnerable to cold. (rC-)
You float through the air rather than walking.
You learn spells naturally, not from books.
Your magical power is your life essence.
You have superior vitality. (+4 MHP)


Message History

Done exploring.
Done exploring.
There is a stone staircase leading down here.
Search for what [? for help]? .
You fly downwards.
The goblin shouts!
The ball python hisses angrily.
You hear a shout! x2
There is a stone staircase leading up here.
Casting: Magic Dart (safe; 1% risk of failure)
Confirm with . or Enter, or press ? or * to list all spells.
The spell is quite dangerous to miscast (19% risk of failure)!
Continue anyway?
You erupt in a blast of force!
The mystic blast hits the ball python.
You kill the ball python!
The mystic blast hits the goblin!
You kill the goblin!
You hear a shout!
You start resting.
A ball python comes into view.
Aiming: Magic Dart (safe; 1% risk of failure)
Press: ? - help, Q - select action, (/) - cycle Shift-Dir - straight line, f - ball python
Aim: a ball python (wandering, hasn't noticed you, 100% to hit)
The magic dart hits the ball python.
The ball python is severely wounded.
The ball python hisses angrily.
Aiming: Magic Dart (safe; 1% risk of failure)
Press: ? - help, Q - select action, (/) - cycle Shift-Dir - straight line, f/p - ball python
Aim: a ball python (severely wounded, 100% to hit)
The magic dart hits the ball python!
You kill the ball python!
As you read the scroll labelled BOZ EREUNTIFY, it crumbles to dust.
You feel strangely unstable.
It was a scroll of teleportation.
t - a scroll of teleportation;
e - a fuming yellow potion A goblin comes into view.
It is wielding a +0 club.
Aiming: Magic Dart (safe; 1% risk of failure)
Press: ? - help, Q - select action, (/) - cycle Shift-Dir - straight line, f - goblin
Aim: a goblin, wielding a +0 club (100% to hit)
The magic dart hits the goblin.
The goblin is severely wounded.
Aiming: Magic Dart (safe; 1% risk of failure)
Press: ? - help, Q - select action, (/) - cycle Shift-Dir - straight line, f/p - goblin
Aim: a goblin, wielding a +0 club (severely wounded, 100% to hit)
The magic dart hits the goblin.
You kill the goblin!
An endoplasm comes into view.
Found a stone staircase leading down.
Your surroundings suddenly seem different. 4 gnolls, 3 killer bees and 3 orcs come into view.
Found a rapier, 26 gold pieces and fire dragon scales.
Found an escape hatch in the floor and an escape hatch in the ceiling.
A killer bee comes into view. x2
The endoplasm moves out of view.
The orc moves out of view.
The gnoll shouts!
The killer bee buzzes angrily.
The orc shouts!
An orc priest comes into view. It is wielding a +0 whip.
A killer bee comes into view.
The killer bee buzzes angrily.
The orc priest shouts!
The orc shouts!
You hear an angry buzzing noise.
You hear a shout!
The gnoll shouts!
Casting: Magic Dart (safe; 1% risk of failure)
Confirm with . or Enter, or press ? or * to list all spells.
The spell is quite dangerous to miscast (19% risk of failure)!
Continue anyway?
Aiming: Fulminant Prism (quite dangerous; 19% risk of failure)
Press: ? - help, Dir - move target You conjure a prism of explosive energy!
The killer bee buzzes angrily.
A fulminant prism comes into view.
You hear an angry buzzing noise.
The orc throws a boomerang.
You block the boomerang.
The orc priest hits your fulminant prism with a +0 whip.
The orc hits you with a +0 flail.
Your fulminant prism crackles loudly.
The killer bee stings you.
Casting: Fulminant Prism (quite dangerous; 19% risk of failure)
Confirm with . or Enter, or press ? or * to list all spells.
The spell is quite dangerous to miscast (19% risk of failure)!
Continue anyway?
You erupt in a blast of force!
The mystic blast hits the killer bee!
The killer bee is severely wounded.
The killer bee is knocked back by the mystic blast.
The mystic blast hits the orc.
The orc is almost dead.
The orc is knocked back by the mystic blast.
* * * LOW HITPOINT WARNING * * *
You hear a shout!
The orc priest calls upon Beogh to heal the orc.
The orc is healed somewhat.
Your fulminant prism explodes!
The blast of energy engulfs the orc priest!
The orc priest is severely wounded.
The blast of energy engulfs the orc!
You kill the orc!
The blast of energy engulfs the orc!
You kill the orc!
You hear a bark!
You hear a shout!
Found an inky potion.
The orc priest miscasts a cantrip.
The orc throws a boomerang.
The boomerang hits you.
* * * LOW HITPOINT WARNING * * *
The orc attacks as you move away! The orc hits you with a +0 flail.
* * * LOW HITPOINT WARNING * * *
The orc attacks as you move away! The orc hits you with a +0 flail!
* * * LOW HITPOINT WARNING * * *
The killer bee stings you.
You die...

..........##..#
.....##...... .#
...# ....
#......... #....
...
#...#.#.##......
..
...####..#.....!
. ....#
..##......
.....#
##..#......
.####.#........
..$....@.......
.......y.......
.....>oy.......
...............
....#o#y####...
.#....yy## #.
##..).y.#
#.g.gg.#
......g)........


You could see 6 killer bees, an orc priest, 3 gnolls and an orc.

Vanquished Creatures
  3 gnolls (D:3)
  5 adders
  3 worms (D:2)
  3 orcs
  7 ball pythons
  6 endoplasms
  2 giant cockroaches
  9 goblins
  5 hobgoblins
  9 jackals
  5 quokkas
  6 bats
  16 frilled lizards
  4 kobolds
  4 rats
87 creatures vanquished.

Vanquished Creatures (others)
  A fulminant prism (D:4)
  7 plants (D:2)
8 creatures vanquished.

Grand Total: 95 creatures vanquished

Notes
Turn   | Place    | Note
-------+----------+-------------------------------------------
     0 | D:1      | RascalDebosk the Djinni Conjurer began the quest for the
                  | Orb.
     0 | D:1      | RascalDebosk set off with the following spells memorised:
                  | Magic Dart, Searing Ray, Dazzling Flash, Fulminant Prism,
                  | Iskenderun's Mystic Blast.
     0 | D:1      | Reached XP level 1. HP: 15/15 MP: 0/0
   241 | D:1      | Reached XP level 2. HP: 10/22 MP: 0/0
  1056 | D:1      | Reached skill level 1 in Fighting
  1056 | D:1      | Reached XP level 3. HP: 25/27 MP: 0/0
  1056 | D:1      | Learned a level 1 spell: Freeze
  1204 | D:1      | Reached skill level 1 in Shields
  1640 | D:2      | Found a faded altar of an unknown god.
  1934 | D:2      | Reached XP level 4. HP: 22/32 MP: 0/0
  2689 | D:2      | Reached skill level 4 in Spellcasting
  2811 | D:2      | Identified the +8 short sword of Etseffysh {flame, Int+4
                  | Dex+3}
  3441 | D:3      | Reached XP level 5. HP: 36/38 MP: 0/0
  3441 | D:3      | Learned a level 2 spell: Passwall
  3444 | D:3      | Found a shadowy altar of Dithmenos.
  4343 | D:4      | Slain by a killer bee

Illustrated notes

Levels and vault maps discovered:
D:1:      shiori_arrival_elements, layout_basic
D:2:      layout_basic, ebering_ecumenical_altar_abandoned,
          hangedman_feature_mirror, minmay_lizard_king
D:3:      layout_basic, mainiacjoe_overflow_paths
D:4:      layout_cave_pools, minmay_temple_entry_offerings, serial_shops,
          nicolae_lakefront_shop, minmay_misc_feat_columns

Skill      XL: |  1  2  3  4  5 |
---------------+----------------+-----
Fighting       | 1 2 |  2.2
Shields        | 1 2 |  2.2
Spellcasting   | 4 |  4.3
Dodging        | |  2.1
Stealth        | |  1.5

Action                   |  1- 3 |  4- 6 || total
-------------------------+-------+-------++-------
Melee: Short sword       |       |     4 ||     4
       Whip              |       |     1 ||     1
 Cast: Magic Dart        |    80 |    79 ||   159
       Searing Ray       |     2 |     3 ||     5
       Iskenderun's Myst |       |     5 ||     5
       Freeze            |       |     2 ||     2
       Fulminant Prism   |       |     1 ||     1
  Use: Scroll            |       |     1 ||     1
Armor: Robe              |     2 |       ||     2
Dodge: Dodged            |     3 |     9 ||    12
Block: Buckler           |     1 |     1 ||     2
